 Dungeon Crawl Stone Soup version 0.19.4-8-ga85b6b9 (webtiles) character file.

203 vatarom the Chopper (level 6, -3/47 HPs)
             Began as a Formicid Fighter on Feb 10, 2017.
             Killed by divine providence
             ... invoked by an orc priest
              (9 damage)
             ... on level 3 of the Dungeon.
             The game lasted 00:05:10 (1734 turns).

vatarom the Chopper (Formicid Fighter)              Turns: 1734, Time: 00:05:12

Health: -3/47      AC:  6    Str: 20    XL:     6   Next: 8%
Magic:  6/6        EV:  7    Int:  9    God:
Gold:   75         SH: 10    Dex: 13    Spells: 0 memorised, 5 levels left

rFire  . . .     SeeInvis +     a - +1 war axe
rCold  . . .     Gourm    .     b - +0 scale mail
rNeg   . . .     Faith    .     c - +1 shield
rPois  .         Spirit   .     (helmet unavailable)
rElec  .         Reflect  .     (no cloak)
rCorr  .         Harm     .     (no gloves)
MR     .....                    (no boots)
Stlth  ..........               (no amulet)
                                (no ring)
                                j - +2 ring of dexterity

@: no status effects
A: permanent stasis, dig shafts and tunnels, four strong arms, antennae 3
a: Dig, Shaft Self


You were on level 3 of the Dungeon.
You were not hungry.

You visited 1 branch of the dungeon, and saw 3 of its levels.

You collected 75 gold pieces.

Inventory:

Hand Weapons
 a - a +1 war axe (weapon)
Armour
 b - a +0 scale mail (worn)
 c - a +1 shield (worn)
Jewellery
 j - a +2 ring of dexterity (left hand)
Wands
 m - a wand of polymorph (11/24)
Scrolls
 e - a scroll of identify
 o - a scroll of remove curse
Potions
 g - 2 potions of flight
 p - a potion of cancellation {unknown}
Comestibles
 f - 3 bread rations
 h - 5 meat rations
 i - a royal jelly
 k - 12 chunks of flesh
 l - a slice of pizza


   Skills:
 - Level 3.2 Fighting
 - Level 5.8 Axes
 - Level 3.2 Armour
 + Level 3.6 Shields


You had 5 spell levels left.
You didn't know any spells.

Dungeon Overview and Level Annotations

Branches:
Dungeon (3/15)

Altars:
Hepliaklqana
Makhleb
Qazlal
Ru
Trog
Zin
The Shining One


Innate Abilities, Weirdness & Mutations

You are under a permanent stasis effect.
You can dig through walls and to a lower floor.
Your four strong arms can wield two-handed weapons with a shield.
You have a pair of large antennae on your head. (SInv)


Message History

* * * LOW HITPOINT WARNING * * *
You feel less invigorated.
You feel less confused. You block the orc priest's attack.
You closely miss the orc priest. The orc priest barely misses you.
The orc priest hits you but does no damage.
You hit the orc priest but do no damage.
The orc priest looks satisfied for a moment.
You barely miss the orc priest. You block the orc priest's attack.
You closely miss the orc priest. You block the orc priest's attack. x2
You closely miss the orc priest. The orc priest hits you with a whip.
* * * LOW HITPOINT WARNING * * *
Your shield and scale mail prevent you from hitting the orc priest.
The orc priest hits you with a whip.
* * * LOW HITPOINT WARNING * * *
You hit the orc priest.
The orc priest is lightly wounded.
The orc priest mumbles some strange prayers to Beogh against you.
Beogh smites you!
You die...

#>..o. ..... .
...o .# .ยง.#.#
..... ...#
########o.#
#######.....@oo.#
.<........####w.#
. ######.#.# ..#
. ##.#.# ..#
###(.#.# ..#
#.#.##.# ..# ###
#.._...# #..# {..
#.#.#..# #..#
######
#.#####.#.##.#
#..# # #.....


You could see a worm, an orc priest and 2 orcs.

Vanquished Creatures
  The ghost of empire the Chiller, an amateur GrIE (D:3)
  2 gnolls (D:1)
  An ooze (D:1)
  2 worms
  4 dart slugs
  3 giant cockroaches
  2 goblins
  9 hobgoblins
  4 jackals (D:3)
  A ball python (D:1)
  16 bats
  4 frilled lizards
  8 kobolds
  4 rats
61 creatures vanquished.

Notes
Turn   | Place    | Note
-------+----------+-------------------------------------------
     0 | D:1      | vatarom the Formicid Fighter began the quest for the Orb.
     0 | D:1      | Reached XP level 1. HP: 18/18 MP: 1/1
    69 | D:1      | Reached XP level 2. HP: 24/24 MP: 2/2
   132 | D:1      | Reached skill level 3 in Axes
   137 | D:1      | Reached XP level 3. HP: 19/29 MP: 3/3
   533 | D:2      | Found a sacrificial altar of Ru.
   537 | D:2      | Found a glowing silver altar of Zin.
   541 | D:2      | Found a glowing golden altar of the Shining One.
   558 | D:2      | Found a stormy altar of Qazlal.
   567 | D:2      | Found a hazy altar of Hepliaklqana.
   581 | D:2      | Reached skill level 4 in Axes
   581 | D:2      | Reached XP level 4. HP: 35/35 MP: 4/4
  1022 | D:2      | Found a bloodstained altar of Trog.
  1582 | D:3      | Reached XP level 5. HP: 33/41 MP: 5/5
  1674 | D:3      | Found a burning altar of Makhleb.
  1675 | D:3      | Noticed empire's ghost (amateur GrIE)
  1693 | D:3      | Killed empire's ghost
  1693 | D:3      | Reached skill level 5 in Axes
  1693 | D:3      | Reached XP level 6. HP: 25/47 MP: 6/6
  1734 | D:3      | Killed from afar by an orc priest

Skill      XL: |  1  2  3  4  5 |
---------------+----------------+-----
Axes           | 3 4 5 |  5.8
Fighting       | |  3.2
Armour         | |  3.2
Shields        | |  3.6

Action                   |  1- 3 |  4- 6 || total
-------------------------+-------+-------++-------
Melee: War axe           |    61 |   112 ||   173
 Abil: Dig               |     1 |     2 ||     3
  Use: Potion            |     6 |     4 ||    10
       Scroll            |     3 |     3 ||     6
  Eat: Chunk             |       |     3 ||     3
Armor: Scale mail        |    36 |    55 ||    91
Dodge: Dodged            |    25 |    27 ||    52
Block: Shield            |    40 |    82 ||   122
